 Dungeon Crawl Stone Soup version 0.32-a0-876-gcfddb08 (webtiles) character file.

Game seed: 15447456285261994068

1206 Dorkslayer the Chopper (level 8, -4/54 HPs)
             Began as an Octopode Fighter on Mar 30, 2024.
             Slain by a sky beast (6 damage)
             ... on level 6 of the Dungeon on Mar 31, 2024.
             The game lasted 00:12:52 (4020 turns).

Dorkslayer the Chopper (Octopode Fighter)           Turns: 4020, Time: 00:12:53

Health: -4/54      AC:  1    Str: 17    XL:     8   Next: 45%
Magic:  8/8        EV: 10    Int: 10    God:
Gold:   816        SH: 12    Dex: 12    Spells: 7/7 levels left

rFire   + . .        n - +4 war axe
rCold   . . .        i - +0 tower shield
rNeg    + . .        (helmet restricted)
rPois   .            (no amulet)
rElec   .            m - ring of resist corrosion
rCorr   +            q - ring of positive energy
SInv    .            r - ring of protection from fire
Will    .....        (no ring)
Stlth   +++          (no ring)
HPRegen 0.29/turn    (no ring)
MPRegen 0.11/turn    (no ring)
                     (no ring)

%: no passive effects
@: attractive, hasted, invisible, very quick
A: almost no armour, amphibious, 8 rings, camouflage 1, gelatinous body 1,
(nimble swimmer 1), tentacles
a: no special abilities


You were on level 6 of the Dungeon.
You visited 1 branch of the dungeon, and saw 6 of its levels.

You collected 816 gold pieces.

Inventory:

Hand Weapons
 a - a +0 war axe
 n - a +4 war axe (weapon)
 s - a +3 flail of holy wrath
Missiles
 b - 9 javelins
 f - 3 boomerangs (quivered)
 j - a throwing net
Armour
 i - a +0 tower shield (worn)
Jewellery
 m - a ring of resist corrosion (left tentacle)
 q - a ring of positive energy (right tentacle)
 r - a ring of protection from fire (on tentacle)
Talismans
 o - a maw talisman
Wands
 t - a wand of polymorph (12)
Scrolls
 g - 3 scrolls of amnesia
 p - 2 scrolls of butterflies
Potions
 c - 2 potions of might
 h - a potion of attraction
 l - a potion of magic {unknown}


   Skills:
 + Level 4.7 Fighting
 + Level 6.8 Axes
 + Level 4.2 Dodging
 + Level 4.2 Stealth
 + Level 4.9 Shields
 * Level 1.8 Shapeshifting


You had 7 spell levels left.
You didn't know any spells.
Your spell library contained the following spells:

 Spells                   Type           Power      Damage    Failure   Level
 Cigotuvi's Dreadful Rot  Necr/Alch/Air  0%         N/A       99%         2
 Ensorcelled Hibernation  Hex/Ice        0%         N/A       99%         2
 Passwall                 Erth           0%         N/A       100%        3
 Sigil of Binding         Hex            0%         N/A       100%        3
 Swiftness                Air            0%         N/A       100%        3
 Dispel Undead            Necr           0%         3d6       100%        4
 Martyr's Knell           Necr/Summ      0%         N/A       100%        4
 Summon Forest            Summ/Tloc      0%         N/A       100%        5
 Summon Mana Viper        Hex/Summ       0%         N/A       100%        5
 Death Channel            Necr           0%         N/A       100%        6
 Sculpt Simulacrum        Ice/Alch       0%         N/A       100%        6
 Summon Cactus Giant      Summ           0%         N/A       100%        6


Dungeon Overview and Level Annotations

Branches:
Dungeon (6/15)
 Temple: D:4-7

Altars:
Ashenzari
Cheibriados
Dithmenos
Hepliaklqana
Sif Muna
Uskayaw
Vehumet

Shops:
D:4 [


Innate Abilities, Weirdness & Mutations

You cannot wear most types of armour.
You are amphibious.
You can wear up to eight rings at the same time.
Your skin changes colour to match your surroundings (Stealth+).
Your rubbery body absorbs attacks. (AC +1, EV +1)
((You are camouflaged when in or above water. (Stealth+)))
You have tentacles for arms and can constrict up to eight enemies at once.


Message History

The sky beast is lightly wounded.
The sky beast hits you. The sky beast shocks you. The sky beast hits you.
The sky beast shocks you.
* * * LOW HITPOINT WARNING * * *
You completely miss the sky beast.
The sky beast is lightly wounded.
You block the sky beast's attack.
You hit the sky beast.
The sky beast is lightly wounded.
The sky beast flickers out of sight!
Deactivating autopickup; reactivate with Ctrl-A.
Something hits you.
* * * LOW HITPOINT WARNING * * *
Something shocks you.
* * * LOW HITPOINT WARNING * * *
You block something's attack.
You feel better. Something hits you.
* * * LOW HITPOINT WARNING * * *
Something shocks you.
* * * LOW HITPOINT WARNING * * *
You feel better. Something hits you.
* * * LOW HITPOINT WARNING * * *
Something shocks you.
* * * LOW HITPOINT WARNING * * *
You feel better. Something completely misses you.
You feel yourself speed up. Something hits you.
* * * LOW HITPOINT WARNING * * *
Something shocks you.
* * * LOW HITPOINT WARNING * * *
You fade into invisibility!
You feel better. Something hits you.
* * * LOW HITPOINT WARNING * * *
Something shocks you.
* * * LOW HITPOINT WARNING * * *
It was a potion of attraction.
You feel attractive to monsters. Something hits you.
* * * LOW HITPOINT WARNING * * *
Something shocks you.
You die...

#........# #
#.######## # #.# #
#.# #.# ### #.#
######...o. #.#
#[...Y..... #.#
#{####...oo ###.#
#@# ##.....
.###...####.#......
. #<.............#
#####.......###.....
#..####.# .... #..
#.# <.. #.. ##. ##
... #. #... ..


There were no monsters in sight!

Vanquished Creatures
  Sigmund (D:4)
  2 black bears (D:5)
  3 ogres (D:5)
  2 phantoms
  A scorpion (D:4)
  A howler monkey (D:5)
  A bombardier beetle (D:5)
  An orc priest (D:4)
  A hound (D:4)
  2 sleepcaps (D:5)
  An orc wizard (D:5)
  4 adders
  6 gnolls (D:4)
  A white imp (D:6)
  2 ufetubi (D:5)
  2 dart slugs
  A ribbon worm (D:3)
  20 orcs
  4 endoplasms
  2 giant cockroaches
  2 goblins
  4 hobgoblins
  2 jackals (D:4)
  3 quokkas
  5 ball pythons
  2 bats (D:3)
  4 frilled lizards
  5 kobolds
  3 rats
88 creatures vanquished.

Notes
Turn   | Place    | Note
-------+----------+-------------------------------------------
     0 | D:1      | Dorkslayer the Octopode Fighter began the quest for the
                  | Orb.
     0 | D:1      | Reached XP level 1. HP: 16/16 MP: 1/1
   648 | D:2      | Reached XP level 2. HP: 21/21 MP: 2/2
   976 | D:2      | Reached skill level 1 in Stealth
  1047 | D:2      | Reached XP level 3. HP: 21/26 MP: 3/3
  1067 | D:2      | Found a shimmering blue altar of Sif Muna.
  1468 | D:3      | Found a hazy altar of Hepliaklqana.
  1822 | D:3      | Reached XP level 4. HP: 31/31 MP: 4/4
  1983 | D:4      | Reached skill level 3 in Axes
  2064 | D:4      | Found a radiant altar of Vehumet.
  2081 | D:4      | Found Ecsit's Armour Shoppe.
  2106 | D:4      | Reached XP level 5. HP: 15/36 MP: 5/5
  2110 | D:4      | Noticed Sigmund
  2121 | D:4      | Killed Sigmund
  2122 | D:4      | Reached skill level 4 in Axes
  2122 | D:4      | Reached XP level 6. HP: 19/43 MP: 6/6
  2514 | D:4      | Found a broken altar of Ashenzari.
  2514 | D:4      | Found a hide-covered altar of Uskayaw.
  2514 | D:4      | Found a shadowy altar of Dithmenos.
  2514 | D:4      | Found a snail-covered altar of Cheibriados.
  2532 | D:4      | Reached XP level 7. HP: 40/47 MP: 7/7
  2536 | D:4      | Upgraded the game from 0.32-a0-872-g59262bd to
                  | 0.32-a0-876-gcfddb08
  2643 | D:4      | Reached skill level 5 in Axes
  2793 | D:5      | Entered Level 5 of the Dungeon
  2845 | D:5      | Identified a scroll of acquirement
  2845 | D:5      | Acquired 608 gold pieces
  3072 | D:5      | Reached skill level 6 in Axes
  3367 | D:5      | Reached XP level 8. HP: 54/54 MP: 8/8
  3373 | D:5      | Reached skill level 1 in Shapeshifting
  4015 | D:6      | HP: 2/54 [something (5)]
  4020 | D:6      | HP: 2/54 [something (1)]
  4020 | D:6      | Slain by a sky beast

Illustrated notes

Levels and vault maps discovered:
D:1:      amcnicky_arrival_choice, layout_loops_ring
D:2:      layout_basic, basic_altar, minmay_misc_feat_secret_circle,
          nicolae_eternal_life, kennysheep_minor_cross
D:3:      layout_rooms, mainiacjoe_overflow_catwalk, hex_large
D:4:      layout_basic, mainiacjoe_overflow_small_starburst,
          chequers_temple_overflow_statue_of_worship, serial_shops,
          nicolae_stop_n_shop_2, uniq_sigmund
D:5:      layout_basic
D:6:      layout_loops_ring, serial_bayou_pond_c, chequers_mini_garden

Skill      XL: |  1  2  3  4  5  6  7  8 |
---------------+-------------------------+-----
Stealth        | 1 2 3 4 |  4.2
Axes           | 3 4 6 |  6.8
Shields        | 4 |  4.9
Fighting       | 4 |  4.7
Dodging        | 4 |  4.2
Shapeshifting  | 1 |  1.8

Action                     |  1- 3 |  4- 6 |  7- 9 || total
---------------------------+-------+-------+-------++-------
  Melee: War axe           |    53 |    49 |    55 ||   157
         Constrict         |     9 |    13 |    15 ||    37
         Tentacles         |     4 |     5 |    18 ||    27
    Use: Scroll            |     5 |     1 |     4 ||    10
         Potion            |       |     2 |     8 ||    10
   Stab: Sleeping          |     7 |     2 |     6 ||    15
 Armour: Skin              |    19 |    25 |    36 ||    80
  Dodge: Dodged            |    18 |    15 |    15 ||    48
  Block: Tower shield      |    40 |    40 |    32 ||   112

Table legend: (Time is in decaauts)
 A = Elapsed time spent in this place.
 B = Non-inter-level travel time spent in this place.
 C = Inter-level travel time spent in this place.
 D = Time resting spent in this place.
 E = Time spent auto-exploring this place.
 F = Levels seen in this place.
 G = Mean time per level.
                   A        B        C        D        E       F      G
               +--------+--------+--------+--------+--------+-----+--------+
         Total |   4103 |   4103 |      0 |      0 |   2668 |   6 |  683.8 |
       Dungeon |   4103 |   4103 |      0 |      0 |   2668 |   6 |  683.8 |
               +--------+--------+--------+--------+--------+-----+--------+

Top non-repeatable levels by time:
     D:5: 1112 daAuts
     D:2: 883 daAuts
     D:4: 844 daAuts
     D:1: 606 daAuts
     D:3: 516 daAuts
     D:6: 139 daAuts
